Map: Ruines de Seras

Players

Stingeur - Winner!

  • Race: Terran Terran
  • Spawn Location: 9:00

zidar

  • Race: Zerg Zerg
  • League: Silver
  • Spawn Location: 3:00

VOD

Have the link to the VOD?

Description

Time

  • Played on: Nov. 21, 2015, 6:37 a.m.
  • Length: 6:35
Show
View Real Time Build Order
Export as new Build Order

Stingeur Terran - Winner!

Build Orders:  

Get SALT Encoding   

  12  0:01  SCV  
  13  0:13  SCV  
  14  0:19  Supply Depot  
  14  0:25  SCV  
  15  0:41  Barracks, SCV  
  16  0:55  SCV  
  17  0:58  Refinery  
  17  1:07  SCV  
  18  1:19  SCV  
  19  1:38  Command Center  
  19  1:42  Barracks Reactor  
  19  1:48  Supply Depot  
  19  1:57  SCV  
  20  2:22  Marine x2  
  21  2:27  SCV  
  22  2:30  Refinery, Factory  
  22  2:40  Marine x2  
  23  2:53  SCV  
  24  3:00  Marine x2  
  26  3:06  SCV  
  26  3:11  Orbital Command  
  27  3:18  Marine x2  
  27  3:19  Factory Tech Lab  
  29  3:28  Starport  
  29  3:36  Marine  
  29  3:37  Marine  
  29  3:40  SCV  
  32  3:43  SCV  
  34  3:56  Orbital Command  
  34  3:57  Marine  
  34  3:59  Marine  
  35  4:08  Siege Tank  
  38  4:16  SCV  
  39  4:17  Marine  
  39  4:18  Marine  
  41  4:24  SCV  
  41  4:28  SCV  
  41  4:30  Starport Reactor  
  43  4:34  Supply Depot  
  43  4:38  Marine x2  
  45  4:55  Siege Tank  
  45  4:56  Marine x2  
  50  5:00  Supply Depot  
  50  5:02  SCV x2  
  52  5:12  Medivac  
  52  5:13  Medivac  
  52  5:14  Marine x2  
  56  5:15  SCV x2  
  60  5:31  Marine  
  60  5:32  Marine, Barracks  
  60  5:33  SCV  
  63  5:42  Engineering Bay  
  63  5:52  Marine x2  
  63  5:53  Siege Tank  
  68  6:05  SCV x2  
  70  6:31  Supply Depot  
  70  6:33  Supply Depot  
Show
View Real Time Build Order
Export as new Build Order

zidar Zerg 

Build Orders: Hatch First 

Get SALT Encoding   

  12  0:03  Drone  
  13  0:13  Overlord  
  13  0:18  Drone  
  14  0:32  Drone  
  14  0:33  Drone  
  16  0:36  Drone  
  17  0:56  Hatchery  
  16  0:59  Drone  
  17  1:11  Extractor, Drone  
  17  1:26  Spawning Pool, Drone  
  17  1:27  Drone  
  18  1:50  Drone  
  18  1:51  Overlord  
  18  1:53  Drone  
  20  2:11  Drone  
  20  2:15  Zergling x4  
  23  2:18  Queen x2  
  27  2:26  Metabolic Boost  
  27  2:29  Zergling x2  
  28  2:31  Drone  
  29  2:46  Baneling Nest  
  27  2:53  Drone x5  
  32  3:13  Extractor  
  31  3:22  Drone  
  31  3:23  Drone x3  
  35  3:31  Lair  
  35  3:33  Hatchery  
  34  3:38  Extractor  
  34  3:40  Extractor  
  32  4:08  Drone x4  
  36  4:10  Overlord x2  
  36  4:11  Overlord  
  36  4:22  Roach Warren  
  35  4:30  Pneumatized Carapace  
  35  4:33  Queen  
  37  4:50  Queen  
  37  4:51  Evolution Chamber  
  38  4:53  Evolution Chamber  
  37  5:01  Spire  
  35  5:26  Zergling x2  
  35  5:27  Zergling x18  
  45  5:41  Drone x5  
  50  6:12  Zergling x2  
  50  6:13  Zergling x16  
  50  6:14  Zergling x2  
  58  6:20  Baneling  
Tags
 
League
Silver
Matchup
TvZ
Spawn Locations
Cross Positions
Add a new tag
Caveats
  • Supply blocks, unpowered buildings, or Contaminate may cause inaccurate times.
  • Supply counts are checked every 10 seconds.